 Dungeon Crawl Stone Soup version 0.31-a0-145-g046c7d2549 (webtiles) character file.

Game seed: 16865043411606553851

637 marky1606 the Insei (level 7, -17/52 HPs)
             Began as a Demonspawn Monk on June 4, 2023.
             Demolished by an ogre
             ... wielding a +0 giant spiked club
              (37 damage)
             ... on level 5 of the Dungeon.
             The game lasted 00:12:53 (3678 turns).

marky1606 the Insei (Demonspawn Monk)               Turns: 3678, Time: 00:12:54

Health: -17/52     AC:  3    Str: 14    XL:     7   Next: 25%
Magic:  7/7        EV: 15    Int:  9    God:
Gold:   205        SH:  0    Dex: 17    Spells: 6/6 levels left

rFire   . .          .
                       - Unarmed
rCold   . . .        c - orb {light}
rNeg    . . .        a - +0 robe
rPois   .            (helmet restricted)
rElec   .            g - +0 cloak
rCorr   .            (no gloves)
SInv    .            (no boots)
Will    .....        (no amulet)
Stlth   +            (no ring)
HPRegen 0.28/turn    (no ring)
MPRegen 0.10/turn

%: no passive effects
@: glowing, unable to drink
A: repulsion field 1, powered by death 2, powered by pain 1, weakness stinger 2,
horns 1, thin skeletal structure 1, dopey 1, inability to drink after injury 1
a: no special abilities


You were on level 5 of the Dungeon.
You visited 1 branch of the dungeon, and saw 5 of its levels.

You collected 205 gold pieces.

Inventory:

Armour
 a - a +0 robe (worn)
 c - an orb of light (worn)
 g - a +0 cloak (worn)
Wands
 j - a wand of polymorph (13)
Scrolls
 d - 2 scrolls of fog
 e - a scroll of amnesia {unknown}
 f - 2 scrolls of teleportation
 h - a scroll of butterflies (quivered) {unknown}
 i - a scroll of enchant armour {unknown}
 k - 2 scrolls of identify
Potions
 b - 2 potions of ambrosia
 l - a potion of magic {unknown}
 m - 2 potions of cancellation
 n - a potion of curing
 q - a potion of heal wounds


   Skills:
 + Level 3.5 Fighting
 * Level 2.1 Armour
 + Level 3.7 Dodging
 * Level 6.6 Unarmed Combat


You had 6 spell levels left.
You didn't know any spells.
Your spell library contained the following spells:

 Spells                   Type           Power      Damage    Failure   Level
 Lesser Beckoning         Tloc           0%         N/A       52%         2
 Gell's Gravitas          Tloc           0%         N/A       77%         3
 Teleport Other           Tloc           0%         N/A       77%         3


Dungeon Overview and Level Annotations

Branches:
Dungeon (5/15)
 Temple: D:4-7

Altars:
Ashenzari
Hepliaklqana
Nemelex Xobeh


Innate Abilities, Weirdness & Mutations

You are surrounded by a mild repulsion field. (EV +2)
You regenerate health from kills.
You sometimes gain a little power by taking damage.
You have a tail ending in a sharp stinger.
You have a pair of small horns on your head.
You have a somewhat thin skeletal structure. (Dex +2, Stealth+)
You are dopey. (Int -2)
You occasionally lose the ability to drink potions when taking damage.


Message History

The orc wizard is severely wounded.
The orc wizard misses you.
You barely miss the orc wizard.
The orc wizard is severely wounded.
The orc wizard hits you with a +0 war axe.
You closely miss the orc wizard.
The orc wizard is severely wounded.
The orc wizard closely misses you.
You punch the orc wizard!
You kill the orc wizard!
There is an open door, spattered with blood here.
Items here: )))) [[[ ††.
Found a sparkling altar of Nemelex Xobeh.
You start waiting.
An ogre comes into view. It is wielding a +0 giant spiked club.
An ogre is nearby!
Found 18 gold pieces.
The ogre shouts!
You hit the ogre.
You headbutt the ogre, but do no damage.
The ogre is lightly wounded.
The ogre misses you.
You hit the ogre.
The ogre is moderately wounded.
You hit the ogre.
The ogre is heavily wounded.
The ogre misses you.
You hit the ogre.
You tail-slap the ogre, but do no damage.
The ogre is heavily wounded.
You hit the ogre but do no damage.
The ogre is heavily wounded.
The ogre hits you with a +0 giant spiked club!!
Ouch! That really hurt!
You hit the ogre.
The ogre is severely wounded.
The ogre hits you with a +0 giant spiked club!!!
You feel threatened and lose the ability to drink potions!
Ouch! That really hurt!
You die...

#.......# ..#
........##..###.#
#................ §§
#.....>o........$ ≈.§
#.....>.##### #'## .≈..._.
#.......##..###..##.§§§§..
##.......†#..........≈.§§≈≈
#..<......).....O....$.....
..........#..##.@.# .≈≈≈≈≈≈
#.........#..##...##......
#.........#..........$#
#........###+##.......#
#......).## #.......+
#....>....+ ######..#
#.........# ..# #.........#
.... #........## ....#


You could see an ogre.

Vanquished Creatures
  The ghost of Starbright the Conjurer, an amateur OpCj of Vehumet (D:3)
  A black bear (D:4)
  An ogre (D:4)
  A scorpion (D:3)
  A howler monkey (D:5)
  An orc priest (D:5)
  A hound (D:5)
  Terence (D:2)
  An orc wizard (D:5)
  A gnoll (D:1)
  3 adders
  A white imp (D:5)
  3 worms
  2 dart slugs
  2 orcs (D:5)
  10 endoplasms
  10 giant cockroaches
  6 goblins
  2 hobgoblins
  10 jackals
  7 quokkas
  9 ball pythons
  9 bats
  4 frilled lizards
  4 kobolds
  4 rats
96 creatures vanquished.

Notes
Turn   | Place    | Note
-------+----------+-------------------------------------------
     0 | D:1      | marky1606 the Demonspawn Monk began the quest for the Orb.
     0 | D:1      | Reached XP level 1. HP: 18/18 MP: 1/1
   346 | D:1      | Gained mutation: You sometimes gain a little power by
                  | taking damage. [demonic ancestry]
   346 | D:1      | Reached XP level 2. HP: 24/24 MP: 2/2
   397 | D:1      | Reached skill level 3 in Unarmed Combat
   669 | D:1      | Gained mutation: You have a small tail. [demonic ancestry]
   669 | D:1      | Reached XP level 3. HP: 29/29 MP: 3/3
  1076 | D:2      | Noticed an eye of devastation
  1078 | D:2      | Found a faded altar of an unknown god.
  1079 | D:2      | Noticed a floating eye
  1079 | D:2      | Noticed a shining eye
  1079 | D:2      | Noticed an eye of devastation
  1196 | D:2      | Noticed Terence
  1209 | D:2      | Killed Terence
  1210 | D:2      | Reached skill level 1 in Armour
  1210 | D:2      | Gained mutation: You are surrounded by a mild repulsion
                  | field. (EV +2) [demonic ancestry]
  1210 | D:2      | Reached XP level 4. HP: 9/35 MP: 4/4
  1480 | D:2      | Found a hazy altar of Hepliaklqana.
  1612 | D:2      | Reached skill level 4 in Unarmed Combat
  1935 | D:2      | Gained mutation: You have a somewhat thin skeletal
                  | structure. (Dex +2, Stealth+) [potion of mutation]
  1935 | D:2      | Gained mutation: You are dopey. (Int -2) [potion of
                  | mutation]
  1935 | D:2      | Gained mutation: You occasionally lose the ability to drink
                  | potions when taking damage. [potion of mutation]
  1935 | D:2      | Gained mutation: You have a pair of small horns on your
                  | head. [potion of mutation]
  2221 | D:3      | Noticed a scorpion
  2234 | D:3      | Killed a scorpion
  2235 | D:3      | Gained mutation: You have a tail ending in a sharp stinger.
                  | [demonic ancestry]
  2235 | D:3      | Reached XP level 5. HP: 29/41 MP: 5/5
  2575 | D:3      | Noticed Starbright's ghost (amateur OpCj)
  2576 | D:3      | Found a runed translucent door.
  2591 | D:3      | Killed Starbright's ghost
  2592 | D:3      | Reached skill level 5 in Unarmed Combat
  2592 | D:3      | Gained mutation: You regenerate a little health from kills.
                  | [demonic ancestry]
  2592 | D:3      | Reached XP level 6. HP: 42/47 MP: 6/6
  2838 | D:4      | Found a broken altar of Ashenzari.
  2886 | D:4      | Reached skill level 6 in Unarmed Combat
  3448 | D:5      | Entered Level 5 of the Dungeon
  3459 | D:5      | Gained mutation: You regenerate health from kills. [demonic
                  | ancestry]
  3459 | D:5      | Reached XP level 7. HP: 49/52 MP: 7/7
  3636 | D:5      | Found a sparkling altar of Nemelex Xobeh.
  3678 | D:5      | Demolished by an ogre

Illustrated notes

Levels and vault maps discovered:
D:1:      nzn_arrival_crosshair, layout_basic, roderic_serpentine_path
D:2:      layout_loops_ring, basic_altar,
          hellmonk_ecumenical_altar_watching_god, minivault_26, uniq_terence
D:3:      layout_loops_ring, mainiacjoe_overflow_big_doors,
          gammafunk_ghost_grave
D:4:      layout_loops_ring, ashenzari_conservatory_becter
D:5:      layout_gridville, nicolae_overflow_crystal_walls,
          mainiacjoe_overflow_concentric_impassable,
          minmay_temple_entry_enclosed_plants

Skill      XL: |  1  2  3  4  5  6 |
---------------+-------------------+-----
Unarmed Combat | 3 4 5 6 |  6.6
Dodging        | 3 |  3.7
Armour         | 1 2 |  2.1
Fighting       | |  3.5

Action                     |  1- 3 |  4- 6 |  7- 9 || total
---------------------------+-------+-------+-------++-------
  Melee: Unarmed           |   112 |   156 |    38 ||   306
         Tailslap          |     7 |    25 |     8 ||    40
         Headbutt          |       |    26 |     9 ||    35
    Use: Scroll            |       |     7 |       ||     7
         Potion            |       |     6 |       ||     6
   Stab: Sleeping          |       |     4 |       ||     4
 Armour: Robe              |    24 |    30 |     3 ||    57
  Dodge: Dodged            |    71 |   103 |    17 ||   191

Table legend: (Time is in decaauts)
 A = Elapsed time spent in this place.
 B = Non-inter-level travel time spent in this place.
 C = Inter-level travel time spent in this place.
 D = Time resting spent in this place.
 E = Time spent auto-exploring this place.
 F = Levels seen in this place.
 G = Mean time per level.
                   A        B        C        D        E       F      G
               +--------+--------+--------+--------+--------+-----+--------+
         Total |   3666 |   3593 |     73 |    381 |   1969 |   5 |  733.2 |
       Dungeon |   3666 |   3593 |     73 |    381 |   1969 |   5 |  733.2 |
               +--------+--------+--------+--------+--------+-----+--------+

Top non-repeatable levels by time:
     D:1: 1052 daAuts
     D:2: 881 daAuts
     D:3: 870 daAuts
     D:4: 637 daAuts
     D:5: 225 daAuts
